 Dungeon Crawl Stone Soup version 0.29-a0-341-g24ffce5b50 (webtiles) character file.

Game seed: 13265840481350941195

1528 spaghetti the Covered (level 8, -3/65 HPs)
             Began as a Mummy Berserker on Apr 20, 2022.
             Was a Priest of Trog.
             Slain by a troll (8 damage)
             ... on level 6 of the Dungeon.
             The game lasted 00:08:43 (7143 turns).

spaghetti the Covered (Mummy Berserker)             Turns: 7143, Time: 00:08:44

Health: -3/65      AC: 13    Str: 22    XL:     8   Next: 55%
Magic:  8/8        EV:  7    Int:  6    God:    Trog [***...]
Gold:   188        SH:  0    Dex: 12    Spells: 7/7 levels left

rFire   x . .      SeeInvis .   z - +2 broad axe (distort) {!waxe}
rCold   + . .      Faith    .   (no shield)
rNeg    + + +      Spirit   .   i - +0 plate armour
rPois   ∞          Reflect  .   (no helmet)
rElec   .          Harm     .   (no cloak)
rCorr   .          Rampage  .   (no gloves)
Will    +++..                   (no boots)
Stlth   ..........              (no amulet)
HPRegen 1.20/turn               (no ring)
MPRegen 0.11/turn               (no ring)

@: strong-willed, regenerating
A: cold resistance 1, negative energy resistance 3, torment resistance 2, heat
vulnerability 1, in touch with death 1, no potions
a: Renounce Religion, Trog's Hand


You were on level 6 of the Dungeon.
You worshipped Trog.
Trog was most pleased with you.
You visited 1 branch of the dungeon, and saw 6 of its levels.

You collected 188 gold pieces.


Innate Abilities, Weirdness & Mutations

You are immune to poison.
Your flesh is cold resistant. (rC+)
You are immune to negative energy. (rN+++)
You are immune to unholy pain and torment.
You are vulnerable to heat. (rF-)
You are in touch with the powers of death.
You do not drink.


   Skills:
 + Level 6.3 Fighting
 - Level 4.0 Maces & Flails
 + Level 0.8 Throwing
 * Level 6.9 Armour
 + Level 2.0 Dodging


You had 7 spell levels left.
You didn't know any spells.
Your spell library contained the following spells:

 Spells                   Type           Power      Damage    Failure   Level
 Foxfire                  Conj/Fire      0%         2x1d4     100%        1
 Corpse Rot               Necr/Air       0%         N/A       100%        2
 Poisonous Vapours        Pois/Air       0%         N/A       100%        2
 Conjure Flame            Conj/Fire      0%         6-21      100%        3
 Inner Flame              Hex/Fire       0%         N/A       100%        3
 Flame Wave               Conj/Fire      0%         2d4       100%        4
 Borgnjor's Vile Clutch   Necr/Erth      0%         N/A       100%        5
 Borgnjor's Revivificati  Necr           Unusable   N/A       N/A         8

Inventory:

Hand Weapons
 a - the +1 falchion of Spite {freeze, rF+, long}
   (You found it on level 6 of the Dungeon)

   It freezes those it strikes, dealing additional cold damage.
   It can also slow down cold-blooded creatures.
   rF:        It protects you from fire.
 z - a +2 broad axe of distortion (weapon) {!waxe}
   (You took it off Maggie on level 6 of the Dungeon)
Missiles
 f - 152 stones (quivered) {throwing}
 n - 6 boomerangs {throwing}
 p - 3 atropa-tipped darts {throwing}
 s - a throwing net {=f!fthrowing}
 x - 3 poisoned darts {throwing}
Armour
 i - a +0 plate armour (worn)
   (You found it on level 2 of the Dungeon)
Magical Staves
 t - a staff of air {forbidden!astaff}
   (You found it on level 5 of the Dungeon)
Jewellery
 e - a ring of flight
   (You found it on level 1 of the Dungeon)
 r - a ring of wizardry
   (You found it on level 4 of the Dungeon)
 w - a ring of protection from cold
   (You found it on level 5 of the Dungeon)
Wands
 k - a wand of charming (8)
   (You found it on level 3 of the Dungeon)
 q - a wand of acid (4)
   (You found it on level 4 of the Dungeon)
 y - a wand of polymorph (5)
   (You took it off Maggie on level 6 of the Dungeon)
Scrolls
 c - a scroll of noise {!r}
 d - a scroll of magic mapping {unknown}
 g - 9 scrolls of teleportation {@r4}
 h - 2 scrolls of silence {!r}
 l - a scroll of holy word {!r}
 o - a scroll of brand weapon
 u - a scroll of blinking {!r}
 v - a scroll of summoning

Dungeon Overview and Level Annotations

Branches:
Dungeon (6/15)
 Temple: D:4-7

Altars:

Shops:
D:5 *

Annotations:
D:4 2 runed translucent doors, indyram44's ghost, novice GrFi

..####......................#
#.##..........#########.....#
#.#......†.####....[..###..##
#........###...............#
#........#.......[8........#
#........#...............###
#.#.....##..###.......####
#!##....#.....#########.
#..###..#.......@T(.(.(.
##...####8..............
........#####...........
##........ ############
##)##.#### ...# .# ...# #
...# ...#


You could see a troll.


Message History

* * * LOW HITPOINT WARNING * * *
😨 HP[-5]
You take 5 damage, and now have 32/64 hp.
You hit the ice beast.
Space warps around the ice beast.
The ice beast hits you but does no damage.
You slash the ice beast!
You kill the ice beast!
Trog accepts your kill. 😮 HP[+1]
You now have 65 max hp (+1).
You are no longer corroded.
Key pressed, stopping explore.
h - 2 scrolls of silence {!r} (gained 1)
f - 143 stones {throwing} (gained 1)
f - 144 stones {throwing} (gained 1)
g - 9 scrolls of teleportation {@r4} (gained 1)
a - the +1 falchion of Spite {freeze, rF+, long} 😎 HP[+32]
Your hp is fully restored (65).
f - 157 stones {throwing} (gained 13)
You see here a +0 cloak.
A troll comes into view.
The troll shouts!
You hear an angry hiss.
Okay, then.
You throw a stone {throwing}.
The stone {throwing} hits the troll but does no damage.
An adder comes into view.
You throw a stone {throwing}. The adder hisses angrily.
The stone {throwing} hits the troll.
You throw a stone {throwing}. The stone {throwing} hits the troll.
You throw a stone {throwing}.
The stone {throwing} closely misses the troll.
The stone {throwing} hits the adder but does no damage.
You throw a stone {throwing}.
The stone {throwing} hits the troll but does no damage.
You closely miss the troll. The troll bites you.
The troll claws you but does no damage. The troll claws you.
The adder bites you but does no damage. The troll bites you.
The troll claws you but does no damage. The troll claws you.
You are too injured to fight recklessly! 😕 HP[-13]
You take 13 damage, and now have 52/65 hp.
You are too injured to fight recklessly!
You are too injured to fight recklessly!
You are too injured to fight recklessly!
You are too injured to fight recklessly!
You are too injured to fight recklessly!
You are too injured to fight recklessly!
You are too injured to fight recklessly!
You are too injured to fight recklessly!
You are too injured to fight recklessly!
You are too injured to fight recklessly!
You are too injured to fight recklessly!
You are too injured to fight recklessly!
You are too injured to fight recklessly!
You are too injured to fight recklessly!
You are too injured to fight recklessly!
You are too injured to fight recklessly!
You are too injured to fight recklessly!
Unknown command.
You barely miss the troll. You slash the adder!
The adder is devoured by a tear in reality.
The troll bites you but does no damage. The troll claws you!
The troll claws you but does no damage.
Your Dodging skill increases to level 2! 😮 HP[-7]
You take 7 damage, and now have 45/65 hp.
Your skin crawls.
You feel strong-willed. The troll bites you!
The troll claws you but does no damage. x2 😮 HP[-9]
You take 9 damage, and now have 36/65 hp.
You barely miss the troll. The troll bites you but does no damage.
The troll claws you. The troll claws you but does no damage.
The troll bites you but does no damage. The troll closely misses you.
The troll claws you. 😮 HP[-1]
You take 1 damage, and now have 35/65 hp.
You closely miss the troll. The troll bites you but does no damage.
The troll closely misses you.
The troll claws you but does no damage. 😮 HP[+1]
You slice the troll!!
Space warps around the troll.
The troll bites you. The troll claws you!
* * * LOW HITPOINT WARNING * * *
The troll claws you but does no damage. The troll bites you but does no damage.
The troll claws you but does no damage. x2 😨 HP[-11]
You take 11 damage, and now have 25/65 hp.
You hit the troll.
Space warps around the troll.
The troll barely misses you. The troll claws you!
* * * LOW HITPOINT WARNING * * *
The troll claws you.
* * * LOW HITPOINT WARNING * * *
😱 HP[-13]
You take 13 damage, and now have 12/65 hp.
You closely miss the troll. The troll bites you!
* * * LOW HITPOINT WARNING * * *
The troll claws you but does no damage. x2; The troll bites you!
You die...

Skill      XL: |  1  2  3  4  5  6  7  8 |
---------------+-------------------------+-----
Armour         | 2 3 4 6 |  6.9
Fighting       | 4 6 |  6.3
Maces & Flails | 3 4 |  4.0
Dodging        | 2 |  2.0
Throwing       | |  0.8

Action                   |  1- 3 |  4- 6 |  7- 9 || total
-------------------------+-------+-------+-------++-------
Melee: Mace              |   148 |    58 |       ||   206
       Punch             |     1 |     1 |     2 ||     4
       Whip              |       |   104 |    70 ||   174
       Broad axe         |       |       |    27 ||    27
Throw: Stone             |    16 |    81 |    57 ||   154
       Dart              |       |       |     3 ||     3
Invok: Trog's Hand       |     1 |     1 |     4 ||     6
Evoke: Wand              |       |       |     3 ||     3
  Use: Scroll            |       |       |     9 ||     9
 Stab: Sleeping          |     1 |       |       ||     1
Armor: Animal skin       |    25 |       |       ||    25
       Plate armour      |    27 |    88 |    60 ||   175
Dodge: Dodged            |    94 |    52 |    33 ||   179

Levels and vault maps discovered:
D:1:      onia_arrival_mini_spirals, layout_basic, dreamdust_wishing_well,
          st_stairs_13, minmay_tetromino_l2
D:2:      layout_loops_ring, minmay_rat_hole
D:3:      layout_loops_cross, ebering_ecumenical_altar_abandoned, minmay_cupped
D:4:      layout_basic, ebering_ghost_disaster_area,
          wad_floor_pattern_untrapped, uniq_grinder
D:5:      layout_layer_cave, serial_shops, kennysheep_little_box
D:6:      kennysheep_spiral_hall, layout_basic, uniq_maggie

Notes
Turn   | Place    | Note
-------+----------+-------------------------------------------
     0 | D:1      | spaghetti the Mummy Berserker began the quest for the Orb.
     0 | D:1      | Reached XP level 1. HP: 18/18 MP: 1/1
     0 | D:1      | magus.rc [v1.9.6]
    72 | D:1      | You pick up a book of Vapours {forbidden} and begin
                  | reading...
    72 | D:1      | You add the spells Poisonous Vapours and Corpse Rot to your
                  | library.
   556 | D:1      | Reached skill level 2 in Armour
   556 | D:1      | Reached XP level 2. HP: 11/24 MP: 2/2
  1059 | D:2      | HP: 5/24 [worm (3)]
  1061 | D:2      | HP: 2/24 [worm (3)]
  1382 | D:2      | Reached ** piety under Trog
  1580 | D:2      | Gained mutation: You are in touch with the powers of death.
                  | [Mummy growth]
  1580 | D:2      | Reached XP level 3. HP: 19/29 MP: 3/3
  1986 | D:2      | HP: 5/29 [worm (7)]
  2346 | D:2      | Reached skill level 3 in Armour
  2380 | D:2      | Reached XP level 4. HP: 37/37 MP: 4/4
  3054 | D:3      | Reached skill level 4 in Fighting
  3326 | D:3      | You pick up a book of Flames {forbidden} and begin
                  | reading...
  3326 | D:3      | You add the spells Foxfire, Conjure Flame, Inner Flame and
                  | Flame Wave to your library.
  3454 | D:3      | Identified the +3 whip of Lystruipa {venom, rF+ Int+4 SInv}
  3491 | D:3      | Found a faded altar of an unknown god.
  3764 | D:4      | Reached XP level 5. HP: 37/42 MP: 5/5
  3919 | D:4      | Noticed Grinder
  3949 | D:4      | Paralysed by Grinder for 3 turns
  3953 | D:4      | Killed Grinder
  3953 | D:4      | Reached *** piety under Trog
  3954 | D:4      | Reached skill level 3 in Maces & Flails
  3954 | D:4      | Reached skill level 4 in Armour
  3954 | D:4      | Reached XP level 6. HP: 48/49 MP: 6/6
  4001 | D:4      | HP: 4/49 [worm (9)]
  4177 | D:4      | Found a large runed translucent door.
  4177 | D:4      | Found a large runed translucent door.
  4180 | D:4      | Noticed indyram44's ghost (novice GrFi)
  4644 | D:5      | Entered Level 5 of the Dungeon
  4927 | D:5      | Reached XP level 7. HP: 55/55 MP: 7/7
  5065 | D:5      | Reached skill level 5 in Fighting
  5065 | D:5      | Reached skill level 5 in Armour
  5562 | D:5      | Got the Grimoire of Sinister Rituals {forbidden}
  5733 | D:5      | Found Jaiwam's General Store.
  6177 | D:5      | Noticed a gargoyle
  6183 | D:5      | HP: 13/56 [gargoyle/+0 mace (9)]
  6520 | D:6      | Reached skill level 4 in Maces & Flails
  6627 | D:6      | Noticed Maggie
  6649 | D:6      | Killed Maggie
  6650 | D:6      | Reached skill level 6 in Fighting
  6650 | D:6      | Reached skill level 6 in Armour
  6650 | D:6      | Reached XP level 8. HP: 64/64 MP: 8/8
  7112 | D:6      | Identified the +1 falchion of Spite {freeze, rF+}
  7130 | D:6      | Noticed a troll
  7138 | D:6      | Reached skill level 2 in Dodging
  7142 | D:6      | HP: 16/65 [troll (11)]
  7143 | D:6      | HP: 5/65 [troll (9)]
  7143 | D:6      | Slain by a troll

Vanquished Creatures
  Grinder (D:4)
  A black bear (D:5)
  An orc warrior (D:6)
  A sky beast (D:6)
  An ice beast (D:6)
  A bullfrog (D:6)
  2 scorpions
  A jelly (D:6)
  A gnoll shaman (D:4)
  2 hounds (D:6)
  5 iguanas
  9 gnolls
  9 adders
  A shadow imp (D:6)
  2 white imps
  5 worms
  A dart slug (D:2)
  7 orcs
  6 bats
  3 endoplasms
  4 giant cockroaches
  6 goblins
  3 hobgoblins
  6 jackals
  4 quokkas
  4 ball pythons
  A frilled lizard (D:3)
  4 kobolds
  22 rats
114 creatures vanquished.

Vanquished Creatures (collateral kills)
  Maggie (D:6)
  An orc priest (D:6)
2 creatures vanquished.

Grand Total: 116 creatures vanquished

Table legend:
 A = Non-vault XP
 B = Vault XP
 C = Vault XP percentage of total XP
 D = Non-vault monster count
 E = Vault monster count
 F = Vault count percentage of total count
                 A         B        C        D         E       F
            +---------+---------+-------+---------+---------+-------
      Total |    1245 |     938 |  43.0 |      89 |      28 |  23.9
            +---------+---------+-------+---------+---------+-------
        D:1 |      12 |       3 |  20.0 |       7 |       2 |  22.2
        D:2 |      86 |      20 |  18.9 |      22 |      19 |  46.3
        D:3 |      32 |       5 |  13.5 |      14 |       2 |  12.5
        D:4 |     238 |     286 |  54.6 |      20 |       1 |   4.8
        D:5 |     371 |       0 |   0.0 |      13 |       0 |   0.0
        D:6 |     506 |     624 |  55.2 |      13 |       4 |  23.5
            +---------+---------+-------+---------+---------+-------

Illustrated notes

Table legend:
 A = Kills in this place as a percentage of kills in entire the game.
 B = Kills by you in this place as a percentage of kills by you in the entire game.
 C = Kills by friends in this place as a percentage of kills by friends in the entire game.
 D = Other kills in this place as a percentage of other kills in the entire game.
 E = Experience gained in this place as a percentage of experience gained in the entire game.
 F = Experience gained in this place divided by the number of levels of this place that you have seen.
                   A       B       C       D       E      F
               +-------+-------+-------+-------+-------+----------------------
         Total | 100.0 | 100.0 | 100.0 | 100.0 | 100.0 | 363.8
       Dungeon | 100.0 | 100.0 | 100.0 | 100.0 | 100.0 | 363.8
               +-------+-------+-------+-------+-------+----------------------

Table legend: (Time is in decaauts)
 A = Elapsed time spent in this place.
 B = Non-inter-level travel time spent in this place.
 C = Inter-level travel time spent in this place.
 D = Time resting spent in this place.
 E = Time spent auto-exploring this place.
 F = Levels seen in this place.
 G = Mean time per level.
                   A        B        C        D        E       F      G
               +--------+--------+--------+--------+--------+-----+--------+
         Total |   7217 |   7014 |    203 |   1077 |   4979 |   6 | 1202.8 |
       Dungeon |   7217 |   7014 |    203 |   1077 |   4979 |   6 | 1202.8 |
               +--------+--------+--------+--------+--------+-----+--------+

Top non-repeatable levels by time:
     D:2: 1876 daAuts
     D:5: 1511 daAuts
     D:4: 1148 daAuts
     D:1: 970 daAuts
     D:6: 928 daAuts
     D:3: 783 daAuts
